 Dungeon Crawl Stone Soup version 0.16-b1 (webtiles) character file.

5581 datmedicine the Basher (level 10, -2/70 HPs)
             Began as a Demonspawn Berserker on Mar 3, 2015.
             Was a High Priest of Trog.
             Slain by a wolf (8 damage)
             ... while paralysed
             ... on level 1 of the Lair of Beasts.
             The game lasted 00:44:52 (7754 turns).

datmedicine the Basher (Demonspawn Berserker)       Turns: 7754, Time: 00:44:52

Health: -2/70      AC: 16    Str: 21      XL:     10   Next: 44%
Magic:  10/10      EV:  2    Int:  5 (8)  God:    Trog [*****.]
Gold:   430        SH:  0    Dex: 12      Spells: 0 memorised, 9 levels left

rFire  . . .     SeeInvis .     b - +9 morningstar "Jeun Scho" {drain, rElec rN+}
rCold  . . .     Clarity  .     O - +0 chain mail
rNeg   + . .     SustAb   +     (no shield)
rPois  .         Gourm    .     (helmet restricted)
rElec  +         Spirit   .     (no cloak)
rCorr  .         Warding  .     (no gloves)
rMut   .         Stasis   .     L - +0 pair of boots
MR     ++...                    M - amulet of faith
Stlth  ..........               I - ring of sustain abilities
                                l - +3 ring of slaying

@: paralysed, exhausted, regenerating, slowed, drained, very resistant to
hostile enchantments, extremely unstealthy
A: antennae 2, rough black scales 1, powered by death 1
a: Burn Spellbooks, Berserk, Trog's Hand, Brothers in Arms, Renounce Religion


You were on level 1 of the Lair of Beasts.
You worshipped Trog.
Trog was extremely pleased with you.
You were near starving.

You visited 3 branches of the dungeon, and saw 11 of its levels.

You collected 430 gold pieces.

Inventory:

Hand weapons
 b - the +9 morningstar "Jeun Scho" (weapon) {drain, rElec rN+}
   (Trog gifted it to you on level 9 of the Dungeon)

   A truly terrible weapon, it drains the life of those it strikes.
   It insulates you from electricity.
   It protects you from negative energy.
 y - a +0 blowgun
Missiles
 a - 10 stones
 A - 5 javelins of penetration (quivered)
 N - 10 poisoned needles
Armour
 L - a +0 pair of boots (worn)
 O - a +0 chain mail (worn)
Jewellery
 d - an uncursed amulet of resist mutation {unknown}
 k - an uncursed amulet of regeneration
 l - a +3 ring of slaying (left hand)
 q - an uncursed amulet of stasis
 I - a ring of sustain abilities (right hand)
 M - an amulet of faith (around neck)
Magical devices
 e - a wand of flame (28)
 z - a wand of heal wounds (7)
 S - a wand of teleportation (2)
 U - a wand of lightning (3)
 V - a wand of paralysis (12)
 W - a wand of digging (11)
Scrolls
 g - 3 scrolls of magic mapping {unknown}
 h - 2 scrolls of amnesia {unknown}
 j - 5 scrolls of remove curse
 p - 3 scrolls of enchant armour
 s - a scroll of random uselessness
 v - 2 scrolls of blinking
 D - a scroll of noise {unknown}
 G - 3 scrolls of recharging {unknown}
 P - a scroll of teleportation {unknown}
 Q - a scroll of enchant weapon {unknown}
 R - a scroll of fog {unknown}
Potions
 i - a potion of mutation {unknown}
 m - a potion of haste {unknown}
 n - a potion of flight
 o - a potion of curing
 r - a potion of agility {unknown}
 t - 2 potions of ambrosia
 u - 2 potions of cancellation
 w - 2 potions of resistance {unknown}
 x - a potion of beneficial mutation {unknown}
 B - a potion of magic {unknown}
 F - a potion of lignification
 H - a potion of heal wounds {unknown}
 K - a potion of restore abilities {unknown}
Comestibles
 c - 2 bread rations
 f - 7 meat rations
 C - 2 slices of pizza
 T - 2 beef jerkies


   Skills:
 - Level 3.1(2.7) Fighting
 + Level 11.4(11.0) Maces & Flails
 - Level 9.2(8.8) Armour
 - Level 1.9(1.6) Dodging


You had 9 spell levels left.
You didn't know any spells.

Dungeon Overview and Level Annotations

Branches:
Dungeon (9/15)             Temple (1/1) D:7            Lair (1/8) D:8
    Orc (0/4) D:9

Altars:
Ashenzari
Cheibriados
Dithmenos
Fedhas
Gozag
Makhleb
Nemelex Xobeh
Okawaru
Ru
Sif Muna
Trog
Vehumet
Xom
Yredelemnul
Zin
The Shining One
Lugonu

Annotations:
Lair:1 Nergalle


Innate Abilities, Weirdness & Mutations

You have a pair of antennae on your head.
You are partially covered in rough black scales (AC +4, Dex -1).
You can steal the life force of nearby defeated enemies.


Message History

The spectral orc warrior closely misses you.
Nergalle closely misses you.
The spectral orc warlord hits you with a great mace of protection.
* * * LOW HITPOINT WARNING * * *
You are too berserk!
You impale Nergalle!!
Nergalle is almost dead.
You are no longer berserk.
You pass out from exhaustion.
You feel yourself slow down.
You are near starving!
The wolf bites you.
* * * LOW HITPOINT WARNING * * *
The crocodile bites you!
* * * LOW HITPOINT WARNING * * *
The spectral orc warrior hits you but does no damage.
The spectral orc hits you but does no damage.
Nergalle hits you but does no damage. The wolf bites you!
You die...

#P..# ......
#...##.......
####...........
.###..............
#.................
....###...h........
.. ##hthZ.o.....
##ht##......
#o@ZP.### .
#PZZ..##.....
##Z.........#
##..####....P
####..## ...
#.##..# ##.....##
###.......#
###.........##


You could see Nergalle, 2 spectral orcs, 2 spectral orc warriors, a spectral orc
warlord, 2 crocodiles and 4 wolves.

Vanquished Creatures
  A gargoyle (D:8)
  A spiny frog (Lair:1)
  Grinder (D:4)
  A two-headed ogre (D:9)
  A spectral orc (Lair:1)
  A trapdoor spider (D:9)
  Eustachio (D:5)
  An ice beast (D:8)
  6 orc warriors
  2 phantoms
  3 ogres
  2 centaurs
  A sky beast (D:8)
  Sigmund (D:4)
  A necrophage (D:7)
  4 giant frogs (D:8)
  A big kobold (D:8)
  2 water moccasin skeletons
  3 scorpions
  5 hounds
  A goliath beetle (D:7)
  5 crimson imps
  A quasit (D:9)
  3 centaur zombies (D:4)
  A centaur skeleton (D:4)
  7 orc priests
  7 orc wizards
  Natasha (thrice) (D:3)
  3 iguanas
  8 worker ants
  2 hound zombies (D:9)
  A hound skeleton (D:8)
  A worker ant zombie (D:4)
  Robin (D:4)
  9 adders
  4 shadow imps
  2 giant mites (D:4)
  A white imp (D:3)
  4 worms
  2 adder zombies (D:4)
  An adder skeleton (D:5)
  6 giant geckos
  2 oozes (D:3)
  30 orcs
  A bat skeleton (D:3)
  A bat zombie (D:4)
  5 giant cockroaches
  24 goblins
  13 hobgoblins
  19 jackals
  2 quokkas
  5 ball pythons
  9 bats
  A giant cockroach zombie (D:4)
  A giant gecko zombie (D:7)
  5 giant newts
  10 kobolds
  13 rats
  5 ballistomycetes (D:8)
258 creatures vanquished.

Vanquished Creatures (collateral kills)
  A komodo dragon (D:8)
  A blink frog (D:8)
  2 basilisks (D:8)
  A wolf (Lair:1)
  A necrophage (D:9)
  A scorpion (D:5)
  An orc priest (D:9)
  An orc wizard (D:9)
  An iguana (D:8)
  An orc (D:9)
11 creatures vanquished.

Vanquished Creatures (others)
  A two-headed ogre (Lair:1)
  A gnoll (D:8)
  A giant spore (D:8)
  4 ballistomycetes (D:8)
7 creatures vanquished.

Grand Total: 276 creatures vanquished

Notes
Turn   | Place    | Note
--------------------------------------------------------------
     0 | D:1      | datmedicine, the Demonspawn Berserker, began the quest for the Orb.
     0 | D:1      | Reached XP level 1. HP: 18/18 MP: 1/1
   313 | D:2      | Found a shattered altar of Ashenzari.
   360 | D:2      | Gained mutation: You have a pair of small antennae on your head. [demonic ancestry]
   360 | D:2      | Reached XP level 2. HP: 14/24 MP: 2/2
   509 | D:3      | Reached XP level 3. HP: 29/29 MP: 3/3
   510 | D:3      | Acquired Trog's second power
   524 | D:3      | Reached skill level 4 in Maces & Flails
   758 | D:3      | Reached XP level 4. HP: 35/35 MP: 4/4
   996 | D:3      | Noticed Natasha
  1076 | D:4      | Found a radiant altar of Vehumet.
  1085 | D:4      | Noticed Sigmund
  1162 | D:4      | Noticed Robin
  1166 | D:4      | Reached skill level 5 in Maces & Flails
  1166 | D:4      | Gained mutation: You can steal the life force of nearby defeated enemies. [demonic ancestry]
  1166 | D:4      | Reached XP level 5. HP: 30/41 MP: 5/5
  1210 | D:4      | Killed Robin
  1578 | D:3      | Killed Natasha
  1603 | D:3      | Noticed Natasha
  1609 | D:3      | Killed Natasha
  1613 | D:3      | Received a gift from Trog
  1670 | D:3      | Noticed Natasha
  1687 | D:3      | Killed Natasha
  1836 | D:4      | Reached skill level 6 in Maces & Flails
  1836 | D:4      | Gained mutation: You have a pair of antennae on your head. [demonic ancestry]
  1836 | D:4      | Reached XP level 6. HP: 26/47 MP: 6/6
  1880 | D:4      | Found a bloodstained altar of Trog.
  2181 | D:4      | Reached skill level 7 in Maces & Flails
  2258 | D:4      | Noticed Grinder
  2258 | D:4      | Noticed a phantom
  2266 | D:4      | Killed Grinder
  2266 | D:4      | Reached XP level 7. HP: 52/52 MP: 7/7
  2282 | D:4      | Killed a phantom
  2282 | D:4      | Reached skill level 8 in Maces & Flails
  2318 | D:5      | Entered Level 5 of the Dungeon
  2468 | D:5      | Noticed Eustachio
  2474 | D:5      | Acquired Trog's third power
  2507 | D:5      | Killed Eustachio
  2659 | D:5      | Reached XP level 8. HP: 53/58 MP: 8/8
  2692 | D:5      | Reached skill level 9 in Maces & Flails
  3368 | D:4      | Killed Sigmund
  3665 | D:6      | Reached skill level 10 in Maces & Flails
  4055 | D:7      | Found a staircase to the Ecumenical Temple.
  4064 | Temple   | Entered the Ecumenical Temple
  4634 | D:9      | Noticed a two-headed ogre
  4727 | D:8      | Noticed a gargoyle
  5281 | D:7      | Reached XP level 9. HP: 63/63 MP: 9/9
  5350 | D:8      | Reached skill level 5 in Armour
  5568 | D:8      | Killed a gargoyle
  5874 | D:8      | Found a staircase to the Lair.
  5888 | D:8      | Noticed a blink frog
  5888 | D:8      | Noticed a komodo dragon
  5901 | D:8      | Killed a komodo dragon
  5931 | D:8      | Killed a blink frog
  6041 | Lair:1   | Entered Level 1 of the Lair of Beasts
  6041 | Lair:1   | Noticed a spiny frog
  6051 | Lair:1   | Killed a spiny frog
  6393 | D:8      | Gained mutation: You are partially covered in rough black scales (AC +4, Dex -1). [demonic ancestry]
  6393 | D:8      | Reached XP level 10. HP: 56/70 MP: 10/10
  6620 | D:9      | Received a gift from Trog
  6623 | D:9      | Got a crystal morningstar {god gift}
  6624 | D:9      | Identified the +9 morningstar "Jeun Scho" {drain, rElec rN+} (Trog gifted it to you on level 9 of the Dungeon)
  6761 | D:9      | Killed a two-headed ogre
  7133 | D:9      | Found an opulent altar of Gozag.
  7134 | D:9      | Found a shadowy altar of Dithmenos.
  7134 | D:9      | Found a bloodstained altar of Trog.
  7134 | D:9      | Found a blossoming altar of Fedhas.
  7135 | D:9      | Found a sacrificial altar of Ru.
  7139 | D:9      | Found a glowing golden altar of the Shining One.
  7198 | D:9      | Reached skill level 11 in Maces & Flails
  7598 | D:9      | Found a staircase to the Orcish Mines.
  7715 | Lair:1   | Noticed Nergalle
  7725 | Lair:1   | Noticed a spectral orc warlord
  7753 | Lair:1   | HP: 3/70 [crocodile (12)]
  7754 | Lair:1   | Slain by a wolf

Action                   |  1- 3 |  4- 6 |  7- 9 | 10-12 || total
-------------------------+-------+-------+-------+-------++-------
Melee: Mace              |   110 |   237 |    86 |       ||   433
       Dire flail        |       |       |   324 |    50 ||   374
       Morningstar       |       |       |       |   115 ||   115
Throw: Javelin           |       |       |     4 |       ||     4
Invok: Berserk           |     2 |     2 |     5 |     3 ||    12
       Trog's Hand       |       |       |     6 |     2 ||     8
       Brothers in Arms  |       |       |     2 |     2 ||     4
Evoke: Wand              |       |       |    13 |       ||    13
  Use: Scroll            |       |       |     8 |     2 ||    10
       Potion            |       |       |     4 |       ||     4
  Eat: Chunk             |     1 |     8 |    19 |     5 ||    33
       Bread ration      |       |       |     1 |       ||     1
